 Dungeon Sprint DCSS version 0.19-a0-1851-g3228ea0 (webtiles) character file.

346661 Gamora the Conqueror (level 22, -15/169 HPs)
             Began as a Gargoyle Gladiator on Oct 10, 2016.
             Was the Champion of Trog.
             Killed from afar by a Brimstone Fiend (26 damage)
             ... with damnation
             ... in the Dungeon (Sprint VII: "The Pits").
             The game lasted 01:30:05 (19658 turns).

Gamora the Conqueror (Gargoyle Gladiator)          Turns: 19658, Time: 01:30:06

Health: -15/169    AC: 58    Str: 39    XL:     22   Next: 12%
Magic:  13/13      EV: 25    Int: 11    God:    Trog [******]
Gold:   161        SH:  0    Dex:  8    Spells: 0 memorised, 21 levels left

rFire  + + +     SeeInvis +     a - +9 lajatang (antimagic)
rCold  + . .     Gourm    +     I - +6 gold dragon scales
rNeg   + + .     Faith    .     (shield currently unavailable)
rPois  ∞         Spirit   .     J - +0 mask of the Dragon {MR+ Slay+3 SInv}
rElec  +         Dismiss  .     F - +2 cloak {+Inv}
rCorr  .         Reflect  .     H - +1 pair of gloves
MR     ++++.     Harm     .     K - +1 pair of boots
Stlth  +++....... NoTele   +    Q - amulet "Bicvorgh" {Gourm rF+++ Str+9 Dex-3}
                                X - ring of Impatience {EV+6 Stlth+}
                                x - ring of the Gastropod {rN+ Str+4 Slay+5}

@: corroded, regenerating
A: big wings, molten scales 1, negative energy resistance 1, electricity
resistance, unbreathing, petrification resistance, rot immunity, AC +16
a: Fly, Berserk, Trog's Hand, Brothers in Arms, Burn Spellbooks, Renounce
Religion, Evoke Invisibility
}: 2/15 runes: silver, iron


You were in the Dungeon.
You worshipped Trog.
Trog was exalted by your worship.
You were hungry.

You visited 1 branch You collected 161 gold pieces.

Inventory:

Hand Weapons
 a - a +9 antimagic lajatang (weapon)
 b - the +7 lajatang of Order {silver, rMut}
   (Trog gifted it to you in the Dungeon)

   It protects you from mutation.
 T - a +9 trishula of holy wrath
Missiles
 d - 3 throwing nets
 z - 15 silver javelins (quivered)
Armour
 F - a +2 cloak of invisibility (worn)
 H - a +1 pair of gloves (worn)
 I - +6 gold dragon scales (worn)
 J - the +0 mask of the Dragon (worn) {MR+ Slay+3 SInv}
   (You found it in the Dungeon)

   It affects your accuracy and damage with ranged weapons and melee attacks
   (+3).
   It affects your resistance to hostile enchantments.
   It lets you see invisible.
 K - a +1 pair of boots (worn)
Jewellery
 j - the ring "Feyruf" {MR++ Int+3 Slay+5}
   (You found it in the Dungeon)

   [ring of slaying]

   It affects your intelligence (+3).
   It affects your accuracy and damage with ranged weapons and melee attacks
   (+5).
   It affects your resistance to hostile enchantments.
 q - the amulet of Eternal Night {Reflect Dex+3 SH+4}
   (You found it in the Dungeon)

   [amulet of reflection]

   It shields you and reflects attacks.
   It affects your dexterity (+3).
   It affects your SH (+4).
 x - the ring of the Gastropod (left hand) {rN+ Str+4 Slay+5}
   (You found it in the Dungeon)

   [ring of slaying]

   It affects your strength (+4).
   It affects your accuracy and damage with ranged weapons and melee attacks
   (+5).
   It protects you from negative energy.
 M - the ring "Ityocw" {rPois rF+ Slay+5}
   (You found it in the Dungeon)

   [ring of slaying]

   It affects your accuracy and damage with ranged weapons and melee attacks
   (+5).
   It protects you from fire.
   It protects you from poison.
 Q - the amulet "Bicvorgh" (around neck) {Gourm rF+++ Str+9 Dex-3}
   (You found it in the Dungeon)

   [amulet of the gourmand]

   It allows you to eat raw meat even when not hungry.
   It affects your strength (+9).
   It affects your dexterity (-3).
   It renders you almost immune to fire.
 S - the amulet "Sojas" {rC++ Regen+ Int+7}
   (You found it in the Dungeon)

   [amulet of regeneration]

   It affects your intelligence (+7).
   It greatly protects you from cold.
   It increases your rate of regeneration.
 V - the amulet of Lilacs {Spirit rPois rC+ rN+}
   (You found it in the Dungeon)

   [amulet of guardian spirit]

   It causes incoming damage to be split between your health and magic.
   It protects you from cold.
   It protects you from poison.
   It protects you from negative energy.
 X - the ring of Impatience (right hand) {EV+6 Stlth+}
   (You found it in the Dungeon)

   [ring of evasion]

   It affects your evasion (+6).
   It makes you more stealthy.
Wands
 t - a wand of hasting (4/9)
 u - a wand of heal wounds (5/9)
Scrolls
 m - 6 scrolls of remove curse
 o - a scroll of summoning
 w - a scroll of magic mapping
 y - 5 scrolls of identify
 D - 2 scrolls of fear
 E - 3 scrolls of fog
 G - 4 scrolls of recharging
Potions
 e - 19 potions of curing
 g - 8 potions of heal wounds
 i - 5 potions of magic
 l - 4 potions of invisibility
 s - a potion of might
 A - 7 potions of brilliance
 N - a potion of resistance
 P - 3 potions of agility
Miscellaneous
 c - a lamp of fire
 n - a box of beasts
 v - a phial of floods
 B - a fan of gales
 C - a disc of storms
Comestibles
 f - 12 bread rations
 p - 32 fruits
 R - a beef jerky


   Skills:
 O Level 27 Fighting
 + Level 22.3(26.5) Polearms
 O Level 27 Staves
 O Level 27 Throwing
 O Level 27 Armour
 O Level 27 Dodging
 O Level 27 Stealth
 O Level 27 Evocations


You had 21 spell levels left.
You didn't know any spells.

Dungeon Overview and Level Annotations

Branches:
Dungeon (1/1)

Altars:
Ashenzari
Cheibriados
Dithmenos
Elyvilon
Fedhas
Gozag
Hepliaklqana
Kikubaaqudgha
Makhleb
Nemelex Xobeh
Okawaru
Qazlal
Ru
Sif Muna
Trog
Uskayaw
Vehumet
Xom
Yredelemnul
Zin
The Shining One
Beogh
Jiyva
Lugonu

Annotations:
D Serpent of Hell


Innate Abilities, Weirdness & Mutations

You are resistant to torment.
Your stone body is resilient. (AC +16)
You are immune to poison.
Your large and strong wings let you fly indefinitely.
You resist negative energy. (rN+)
You are resistant to electric shocks. (rElec)
You can survive without breathing.
You are immune to petrification.
You are immune to rotting.
You are partially covered in molten scales. (AC +2)


Message History

The acid blob spits acid at you. The splash of acid hits you!
The acid corrodes you!
You are splashed with acid!
The acid burns!
* * * LOW HITPOINT WARNING * * *
The acid blob spits acid at you. The splash of acid hits you!
You are splashed with acid!
The acid burns!
* * * LOW HITPOINT WARNING * * *
The Brimstone Fiend gestures at you.
The sphere of damnation explodes!
The damnation engulfs you!
* * * LOW HITPOINT WARNING * * *
You see here a runed halberd {god gift}.
You feel much better. The acid blob spits acid at you.
The splash of acid hits you!
* * * LOW HITPOINT WARNING * * *
You are splashed with acid!
The acid burns!
* * * LOW HITPOINT WARNING * * *
The Brimstone Fiend gestures at you.
The sphere of damnation explodes!
The damnation engulfs you!
You die...

############### #####
..............## ##....
.....(..@......## ##.....
..###...###.)...###......
###....1..###)...#.......
#...(.......##...#.......
.............##..#.......
..............#..).......
..(...........#.........)
.J............#.)).......
.............##..#[......


You could see an acid blob and a Brimstone Fiend.

Vanquished Creatures
  Asmodeus (D)
  Dissolution (D)
  Ignacio (D)
  Lom Lobon (D)
  Mnoleg (D)
  Khufu (D)
  Mennas (D)
  4 ancient liches (D)
  Boris (D)
  5 pandemonium lords (D)
  2 greater mummies (D)
  Margery (D)
  A curse toe (D)
  3 Killer Klowns (D)
  2 golden dragons (D)
  Nikola (D)
  2 bone dragons (D)
  Jory (D)
  2 Brimstone Fiends (D)
  A tentacled monstrosity (D)
  8 Hell Sentinels (D)
  13 Orb Guardians (D)
  3 Ice Fiends (D)
  3 deep elf blademasters (D)
  A quicksilver dragon (D)
  An Executioner (D)
  2 sphinxes (D)
  Polyphemus (D)
  2 deep elf master archers (D)
  6 acid blobs (D)
  9 titans (D)
  A storm dragon (D)
  3 shadow dragons (D)
  5 azure jellies (D)
  2 nagarajas (D)
  3 fire giants (D)
  A draconian monk (D)
  4 frost giants (D)
  A draconian knight (D)
  A daeva (D)
  A deep elf sorcerer (D)
  2 orc warlords (D)
  A ghost moth (D)
  An iron dragon (D)
  3 angels (D)
  4 ghouls (D)
  3 balrugs (D)
  A draconian zealot (D)
  6 death oozes (D)
  A draconian caller (D)
  A draconian annihilator (D)
  3 spriggan defenders (D)
  3 war gargoyles (D)
  A stone giant (D)
  2 ophanim (D)
  2 green draconians (D)
  2 deep elf demonologists (D)
  A mottled draconian (D)
  A red draconian (D)
  5 dire elephants (D)
  A lorocyproca (D)
  5 purple draconians (D)
  A white draconian (D)
  5 deep elf annihilators (D)
  4 yellow draconians (D)
  3 deep elf death magi (D)
  An ettin (D)
  4 green deaths (D)
  A minotaur (D)
  4 fire dragons (D)
  4 blizzard demons (D)
  Erolcha (D)
  A great orb of eyes (D)
  6 hydras (D)
  An ice dragon (D)
  7 naga warriors (D)
  Harold (D)
  A spriggan air mage (D)
  2 vault guards (D)
  3 death knights (D)
  A centaur warrior (D)
  2 anacondas (D)
  A dancing weapon (D)
  A small abomination (D)
  An orc high priest (D)
  An ogre mage (D)
  3 vampire magi (D)
  A death yak (D)
  A spriggan berserker (D)
  10 hell hogs (D)
  2 hell knights (D)
  2 deep elf knights (D)
  Sonja (D)
  2 soul eaters (D)
  2 sun demons (D)
  A fire crab (D)
  A salamander mystic (D)
  3 cherubim (D)
  An iron troll (D)
  A sea snake (D)
  3 spriggan druids (D)
  A deep troll (D)
  4 swamp dragons (D)
  3 lindwurms (D)
  A death drake (D)
  3 necromancers (D)
  A deep elf mage (D)
  An ugly thing (D)
  10 orc knights (D)
  A manticore (D)
  2 salamanders (D)
  A cyclops (D)
  8 slime creatures (D)
  Maurice (D)
  4 elephants (D)
  2 naga magi (D)
  Psyche (D)
  A smoke demon (D)
  A guardian serpent (D)
  A gargoyle (D)
  A yaktaur (D)
  A freezing wraith (D)
  2 tormentors (D)
  2 rime drakes (D)
  5 komodo dragons (D)
  3 ice devils (D)
  A guardian mummy (D)
  A wandering mushroom (D)
  8 blink frogs (D)
  2 bog bodies (D)
  4 dream sheep (D)
  7 yaks (D)
  3 wyverns (D)
  A vampire (D)
  3 golden eyes (D)
  3 basilisks (D)
  3 steam dragons (D)
  Grum (D)
  A chaos spawn (D)
  2 nagas (D)
  A neqoxec (D)
  4 insubstantial wisps (D)
  A warg (D)
  7 hell hounds (D)
  2 water moccasins (D)
  2 floating eyes (D)
  A porcupine (D)
  A sky beast (D)
  4 swamp drakes (D)
  An ice beast (D)
  An eye of draining (D)
  2 necrophages (D)
  5 wolves (D)
  A crocodile (D)
  Blork the orc (D)
  A bullfrog (D)
  An earth elemental (D)
  A gnoll sergeant (D)
  4 killer bees (D)
  A jelly (D)
  Ijyb (D)
  4 iguanas (D)
  An orc wizard (D)
  7 gnolls (D)
  A river rat (D)
  An adder (D)
  A white imp (D)
  An ufetubus (D)
  2 adder skeletons (D)
  A leopard gecko (D)
  3 orcs (D)
  A goblin (D)
  A ball python simulacrum (D)
  2 frilled lizards (D)
  A giant cockroach simulacrum (D)
  2 kobolds (D)
  A quokka zombie (D)
  3 rats (D)
421 creatures vanquished.

Vanquished Creatures (collateral kills)
  the Royal Jelly (D)
  A golden dragon (D)
  Gastronok (D)
  4 azure jellies (D)
  2 draconian scorchers (D)
  A green draconian (D)
  2 deep elf death magi (D)
  A red draconian (D)
  An ettin (D)
  A hell beast (D)
  A rakshasa (D)
  7 hydras (D)
  2 sea snakes (D)
  2 wizards (D)
  A lindwurm (D)
  3 deep elf magi (D)
  An orc sorcerer (D)
  2 naga magi (D)
  A spiny frog (D)
  A freezing wraith (D)
  4 komodo dragons (D)
  A tyrant leech (D)
  A large abomination (D)
  6 blink frogs (D)
  3 yaks (D)
  A steam dragon (D)
  3 wyverns (D)
  A naga (D)
  A mottled dragon (D)
  A soldier ant (D)
  3 hell hounds (D)
  An orc warrior (D)
  An orc priest (D)
  3 orc wizards (D)
  A gnoll (D)
  A leopard gecko (D)
  An orc (D)
69 creatures vanquished.

Vanquished Creatures (others)
  A Killer Klown (D)
  A Tzitzimitl (D)
  An Ice Fiend (D)
  2 acid blobs (D)
  A yellow draconian (D)
  A death ooze (D)
  A fire dragon (D)
  A hellion (D)
  2 rime drakes (D)
  A tormentor (D)
  A wyvern (D)
  2 steam dragons (D)
  A swamp drake (D)
  13 ball lightnings (D)
29 creatures vanquished.

Grand Total: 519 creatures vanquished

Notes
Turn   | Place    | Note
-------+----------+-------------------------------------------
     0 | D        | Gamora the Gargoyle Gladiator began the quest for the Orb.
     0 | D        | Reached XP level 1. HP: 12/12 MP: 1/1
    40 | D        | Found a radiant altar of Vehumet.
    40 | D        | Found a hide-covered altar of Uskayaw.
    40 | D        | Found an ancient bone altar of Kikubaaqudgha.
    40 | D        | Found a viscous altar of Jiyva.
    40 | D        | Found a hazy altar of Hepliaklqana.
    41 | D        | Found a bloodstained altar of Trog.
    41 | D        | Found a deep blue altar of Sif Muna.
    41 | D        | Found a sacrificial altar of Ru.
    41 | D        | Found a stormy altar of Qazlal.
    41 | D        | Found an iron altar of Okawaru.
    41 | D        | Found a sparkling altar of Nemelex Xobeh.
    41 | D        | Found an opulent altar of Gozag.
    41 | D        | Found a blossoming altar of Fedhas.
    41 | D        | Found a white marble altar of Elyvilon.
    41 | D        | Found a shadowy altar of Dithmenos.
    41 | D        | Found a snail-covered altar of Cheibriados.
    42 | D        | Found a burning altar of Makhleb.
    42 | D        | Found a glowing golden altar of the Shining One.
    42 | D        | Found a glowing silver altar of Zin.
    42 | D        | Found a basalt altar of Yredelemnul.
    42 | D        | Found a roughly hewn altar of Beogh.
    42 | D        | Killed a tormentor
    43 | D        | Found a corrupted altar of Lugonu.
    43 | D        | Found a shimmering altar of Xom.
    43 | D        | Found a shattered altar of Ashenzari.
    44 | D        | Became a worshipper of Trog the Wrathful
    47 | D        | Killed a yellow draconian
    74 | D        | Killed a hellion
    80 | D        | Reached skill level 5 in Staves
    80 | D        | Reached XP level 2. HP: 10/17 MP: 2/2
   157 | D        | Killed a Tzitzimitl
   178 | D        | Killed a Killer Klown
   327 | D        | Reached * piety under Trog
   327 | D        | Reached XP level 3. HP: 17/21 MP: 3/3
   399 | D        | Noticed a floating eye
   402 | D        | Paralysed by a floating eye for 4 turns
   409 | D        | Killed a floating eye
   409 | D        | Reached skill level 10 in Staves
   409 | D        | Reached XP level 4. HP: 26/26 MP: 4/4
   409 | D        | Reached XP level 5. HP: 30/30 MP: 5/5
   414 | D        | Reached ** piety under Trog
   514 | D        | Reached *** piety under Trog
   537 | D        | Noticed a porcupine
   541 | D        | Killed a porcupine
   541 | D        | Reached XP level 6. HP: 21/39 MP: 6/6
   545 | D        | Reached **** piety under Trog
   692 | D        | Reached skill level 5 in Fighting
   758 | D        | Noticed Harold
   782 | D        | Killed Harold
   782 | D        | Reached skill level 15 in Staves
   782 | D        | Reached XP level 7. HP: 7/51 MP: 7/7
   782 | D        | Reached XP level 8. HP: 8/56 MP: 8/8
  1075 | D        | Reached ***** piety under Trog
  1093 | D        | Noticed a deep elf mage
  1093 | D        | Noticed Sonja
  1094 | D        | Noticed a spiny frog
  1105 | D        | Killed Sonja
  1105 | D        | Reached skill level 10 in Fighting
  1109 | D        | Killed a deep elf mage
  1109 | D        | Reached XP level 9. HP: 57/63 MP: 9/9
  1112 | D        | Killed a spiny frog
  1280 | D        | Noticed a deep elf mage
  1280 | D        | Noticed Blork the orc
  1306 | D        | Reached skill level 1 in Armour
  1307 | D        | Killed a deep elf mage
  1315 | D        | Killed Blork the orc
  1315 | D        | Received a gift from Trog
  1395 | D        | Noticed a salamander mystic
  1405 | D        | Killed a salamander mystic
  1410 | D        | Noticed a death yak
  1410 | D        | Noticed a tyrant leech
  1410 | D        | Noticed a naga mage
  1410 | D        | Noticed a naga mage
  1459 | D        | Killed a death yak
  1459 | D        | Reached XP level 10. HP: 42/74 MP: 10/10
  1464 | D        | Received a gift from Trog
  1476 | D        | Killed a naga mage
  1476 | D        | Reached skill level 10 in Armour
  1544 | D        | Killed a naga mage
  1557 | D        | Reached ****** piety under Trog
  1633 | D        | Noticed Psyche
  1642 | D        | Killed Psyche
  1642 | D        | Reached skill level 15 in Fighting
  1665 | D        | Noticed a sea snake
  1666 | D        | Noticed a smoke demon
  1678 | D        | Killed a sea snake
  1687 | D        | Killed a smoke demon
  1687 | D        | Received a gift from Trog
  1773 | D        | Received a gift from Trog
  1802 | D        | Received a gift from Trog
  1818 | D        | Reached skill level 5 in Dodging
  1828 | D        | Reached XP level 11. HP: 83/83 MP: 11/11
  1829 | D        | Noticed a great orb of eyes
  1830 | D        | Paralysed by a great orb of eyes for 6 turns
  1832 | D        | Noticed a sea snake
  1833 | D        | Noticed an orc sorcerer
  1837 | D        | Noticed an orc high priest
  1844 | D        | Killed a great orb of eyes
  1844 | D        | Received a gift from Trog
  1849 | D        | Killed an orc sorcerer
  1854 | D        | Received a gift from Trog
  1859 | D        | Killed a sea snake
  1871 | D        | Noticed a soul eater
  1875 | D        | Killed an orc high priest
  1883 | D        | Received a gift from Trog
  1888 | D        | Noticed a sea snake
  1889 | D        | Noticed a deep elf mage
  1889 | D        | Noticed Ijyb
  1892 | D        | Noticed a wizard
  1894 | D        | Killed a sea snake
  1897 | D        | Noticed Gastronok
  1900 | D        | Killed Ijyb
  1909 | D        | Received a gift from Trog
  1950 | D        | Killed a wizard
  1955 | D        | Received a gift from Trog
  1959 | D        | Killed a deep elf mage
  1968 | D        | Received a gift from Trog
  1973 | D        | Killed Gastronok
  2115 | D        | Upgraded the game from 0.19-a0-1834-g6b7851e to 0.19-a0-1851-g3228ea0
  2202 | D        | Noticed a swamp dragon
  2226 | D        | Killed a swamp dragon
  2227 | D        | Noticed a fire crab
  2251 | D        | Killed a fire crab
  2251 | D        | Reached skill level 15 in Armour
  2275 | D        | Reached XP level 12. HP: 48/92 MP: 12/12
  2288 | D        | Noticed a naga warrior
  2290 | D        | Noticed a rakshasa
  2306 | D        | Killed a naga warrior
  2310 | D        | Received a gift from Trog
  2317 | D        | Killed a rakshasa
  2330 | D        | Received a gift from Trog
  2342 | D        | Noticed an ettin
  2343 | D        | Noticed an anaconda
  2359 | D        | Killed an ettin
  2359 | D        | Reached skill level 10 in Dodging
  2367 | D        | Killed an anaconda
  2444 | D        | Received a gift from Trog
  2549 | D        | Got the +1 helmet "Soyc" {rElec Int+2}
  2570 | D        | Noticed a naga warrior
  2577 | D        | Noticed a death knight
  2577 | D        | Noticed Erolcha
  2587 | D        | Killed a naga warrior
  2608 | D        | Received a gift from Trog
  2625 | D        | Killed a death knight
  2629 | D        | Killed Erolcha
  2638 | D        | Noticed Maurice
  2642 | D        | Killed Maurice
  2653 | D        | Received a gift from Trog
  2835 | D        | Noticed Grum
  2881 | D        | Killed Grum
  2883 | D        | Reached skill level 5 in Stealth
  3027 | D        | Noticed a centaur warrior
  3028 | D        | Noticed a sun demon
  3041 | D        | Killed a centaur warrior
  3041 | D        | Received a gift from Trog
  3049 | D        | Killed a sun demon
  3049 | D        | Reached XP level 13. HP: 50/100 MP: 4/13
  3369 | D        | Received a gift from Trog
  3768 | D        | Noticed an orc warlord
  3768 | D        | Noticed an orc warlord
  3845 | D        | Received a gift from Trog
  4021 | D        | Killed an orc warlord
  4071 | D        | Killed an orc warlord
  4088 | D        | Received a gift from Trog
  4089 | D        | Got a scorched quarterstaff {god gift}
  4468 | D        | Noticed a deep elf blademaster
  4469 | D        | Noticed a vault guard
  4491 | D        | Killed a deep elf blademaster
  4491 | D        | Received a gift from Trog
  4495 | D        | Received a gift from Trog
  4498 | D        | Killed a vault guard
  4566 | D        | Received a gift from Trog
  4566 | D        | Gained mutation: Your large and strong wings let you fly indefinitely. [Gargoyle growth]
  4566 | D        | Reached XP level 14. HP: 52/112 MP: 4/14
  4850 | D        | Killed a lorocyproca
  5160 | D        | Received a gift from Trog
  5305 | D        | Got the +2 chain mail "Ikizig" {Dex+4}
  5309 | D        | Got the +4 plate armour of Vlad {rPois}
  5342 | D        | Got the cursed +1 plate armour of Arischuck {rPois Regen+ Str+4 Dex-2}
  5370 | D        | Got the cursed +0 scale mail of the Vaults {rN+}
  5501 | D        | Identified the +5 quarterstaff of Shame {antimagic, Dex+2} (Trog gifted it to you in the Dungeon)
  5547 | D        | Noticed Khufu
  5568 | D        | Killed Khufu
  5568 | D        | Noticed a reaper
  5758 | D        | Noticed a deep elf annihilator
  5764 | D        | Killed a deep elf annihilator
  5785 | D        | Received a gift from Trog
  5789 | D        | Received a gift from Trog
  5808 | D        | Noticed a deep elf annihilator
  5833 | D        | Killed a deep elf annihilator
  5833 | D        | Received a gift from Trog
  5834 | D        | Got a faintly glowing quarterstaff {god gift}
  5843 | D        | Received a gift from Trog
  5843 | D        | Received a gift from Trog
  5844 | D        | Got a twisted quarterstaff {god gift}
  5847 | D        | Noticed a mottled draconian scorcher
  5848 | D        | Noticed a nagaraja
  5848 | D        | Noticed a red draconian
  5910 | D        | Killed a mottled draconian scorcher
  5914 | D        | Killed a red draconian
  5916 | D        | Received a gift from Trog
  5917 | D        | Got a slimy quarterstaff {god gift}
  5944 | D        | Noticed an ancient lich
  5957 | D        | Killed an ancient lich
  5960 | D        | Noticed a black draconian annihilator
  5970 | D        | Killed a black draconian annihilator
  5970 | D        | Received a gift from Trog
  5998 | D        | Killed a nagaraja
  5998 | D        | Reached XP level 15. HP: 100/122 MP: 5/15
  6079 | D        | Noticed a sphinx
  6099 | D        | Killed a sphinx
  6099 | D        | Received a gift from Trog
  6177 | D        | Received a gift from Trog
  6204 | D        | Noticed a ghoul
  6206 | D        | Noticed a balrug
  6209 | D        | Noticed a ghoul
  6219 | D        | Killed a ghoul
  6219 | D        | Reached skill level 15 in Dodging
  6231 | D        | Killed a balrug
  6236 | D        | Received a gift from Trog
  6246 | D        | Killed a ghoul
  6447 | D        | Received a gift from Trog
  6447 | D        | Received a gift from Trog
  6459 | D        | Received a gift from Trog
  6459 | D        | Received a gift from Trog
  6467 | D        | Noticed a sphinx
  6479 | D        | Killed a sphinx
  6485 | D        | Received a gift from Trog
  6578 | D        | Got the amulet "Talycev" {Dismiss Int-4 Dex+7}
  6580 | D        | Got the amulet "Ripnupag" {Faith Dex+5}
  6582 | D        | Got the amulet "Goares" {Dismiss +Inv rN+ Str+2}
  6584 | D        | Got the amulet of Dim Light {Faith Stlth+}
  6587 | D        | Got the amulet "Utul Tio" {+Rage rC+}
  6589 | D        | Got the amulet of Gewkadif {+Rage rC+ Str+2}
  6599 | D        | Got the ring "Feyruf" {MR++ Int+3 Slay+5}
  6602 | D        | Got the ring "Rido" {rElec rPois MR- Slay+5 Stlth+}
  6604 | D        | Got the ring of the Gastropod {rN+ Str+4 Slay+5}
  6606 | D        | Got the ring "Ruoha" {*Drain Int+3 Dex+10 SInv}
  6608 | D        | Got the ring "Ityocw" {rPois rF+ Slay+5}
  6610 | D        | Got the ring "Orphasyum" {rPois MR+ Int-4 Slay+5}
  6612 | D        | Got the ring of Upsuo {rF+ Str-5 Dex+4 Slay+3}
  6623 | D        | Got the ring "Wiojiell" {Ice rN+ Int-3 Dex+4}
  6625 | D        | Got the ring of the Purple Skies {Fire rPois Int+3 Dex+2}
  6627 | D        | Got the ring "Sesma" {rPois Int+4 Dex+7 Slay+3}
  6629 | D        | Got the ring of Jahis {rPois Str+5 Int-3 Dex+6}
  6633 | D        | Got the ring "Sough" {Int+6 Stlth+}
  6635 | D        | Got the ring of Roynkiuff {MR+ Int+4 Stlth+}
  6637 | D        | Got the ring "Uddoarpha" {*Slow Str+8 Int-2 SInv}
  6639 | D        | Got the ring of Impatience {EV+6 Stlth+}
  6643 | D        | Got the ring "Gipyowo" {Ice +Fly}
  6651 | D        | Got the ring of Plog {Ice Str+4}
  6658 | D        | Got the ring of Nemelex Xobeh's Favour {rC+ Str+3}
  6766 | D        | Noticed an azure jelly
  6812 | D        | Killed an azure jelly
  6819 | D        | Received a gift from Trog
  6979 | D        | Received a gift from Trog
  7043 | D        | Noticed a frost giant
  7058 | D        | Killed a frost giant
  7106 | D        | Received a gift from Trog
  7240 | D        | Noticed a nagaraja
  7240 | D        | Noticed a fire giant
  7281 | D        | Killed a fire giant
  7308 | D        | Killed a nagaraja
  7494 | D        | Received a gift from Trog
  7645 | D        | Received a gift from Trog
  7699 | D        | Noticed an angel
  7699 | D        | Noticed a deep elf sorcerer
  7727 | D        | Killed an angel
  7738 | D        | Noticed a cacodemon
  7775 | D        | Killed a deep elf sorcerer
  7778 | D        | Received a gift from Trog
  7981 | D        | Reached skill level 27 in Fighting
  7981 | D        | Reached XP level 16. HP: 128/133 MP: 16/16
  8009 | D        | Received a gift from Trog
  8016 | D        | Received a gift from Trog
  8024 | D        | Received a gift from Trog
  8140 | D        | Noticed Polyphemus
  8151 | D        | Killed Polyphemus
  8151 | D        | Received a gift from Trog
  8454 | D        | Received a gift from Trog
  8515 | D        | Got the +7 mace of Elauhoamm {holy, +Blink rPois rN+ Int-3}
  8745 | D        | Received a gift from Trog
  8749 | D        | Received a gift from Trog
  8798 | D        | Received a gift from Trog
  8871 | D        | Received a gift from Trog
  8872 | D        | Received a gift from Trog
  8882 | D        | Reached skill level 27 in Armour
  8925 | D        | Noticed a Hell Sentinel
  8941 | D        | Killed a Hell Sentinel
  9306 | D        | Received a gift from Trog
  9354 | D        | Received a gift from Trog
  9494 | D        | Received a gift from Trog
  9682 | D        | Noticed a golden dragon
  9696 | D        | Received a gift from Trog
  9707 | D        | Killed a golden dragon
  9718 | D        | Received a gift from Trog
  9763 | D        | Received a gift from Trog
  9776 | D        | Reached XP level 17. HP: 114/139 MP: 5/17
  9809 | D        | Received a gift from Trog
  9813 | D        | Got a silver rune of Zot
 10131 | D        | Noticed Margery
 10164 | D        | Received a gift from Trog
 10171 | D        | Received a gift from Trog
 10187 | D        | Received a gift from Trog
 10233 | D        | Killed Margery
 10247 | D        | Noticed a titan
 10265 | D        | Killed a titan
 10265 | D        | Received a gift from Trog
 10325 | D        | Noticed a bone dragon
 10338 | D        | Killed a bone dragon
 10662 | D        | Received a gift from Trog
 10670 | D        | Noticed a Killer Klown
 10672 | D        | Noticed a titan
 10674 | D        | Noticed a titan
 10747 | D        | Killed a Killer Klown
 10822 | D        | Killed a titan
 10822 | D        | Received a gift from Trog
 10922 | D        | Killed a titan
 10939 | D        | Noticed a quicksilver dragon
 10972 | D        | Killed a quicksilver dragon
 11110 | D        | Noticed a deep elf master archer
 11113 | D        | Received a gift from Trog
 11117 | D        | Killed a deep elf master archer
 11117 | D        | Received a gift from Trog
 11402 | D        | Noticed an Ice Fiend
 11439 | D        | Received a gift from Trog
 11510 | D        | Killed an Ice Fiend
 11510 | D        | Reached XP level 18. HP: 145/145 MP: 6/18
 11638 | D        | Noticed a tentacled monstrosity
 11648 | D        | Noticed an Ice Fiend
 11671 | D        | Killed a tentacled monstrosity
 11687 | D        | Gained mutation: You are partially covered in molten scales. (AC +2) [a neqoxec]
 11693 | D        | Received a gift from Trog
 11779 | D        | Received a gift from Trog
 11789 | D        | Reached skill level 27 in Dodging
 11792 | D        | Noticed an ancient lich
 11793 | D        | Noticed a titan
 11794 | D        | Noticed a Tzitzimitl
 11800 | D        | Killed an ancient lich
 11800 | D        | Reached skill level 10 in Stealth
 11806 | D        | Killed a titan
 11806 | D        | Reached skill level 5 in Evocations
 11839 | D        | Received a gift from Trog
 11904 | D        | Noticed a deep elf blademaster
 11919 | D        | Killed a deep elf blademaster
 11927 | D        | Received a gift from Trog
 12032 | D        | Noticed a deep elf blademaster
 12084 | D        | Received a gift from Trog
 12215 | D        | Killed a deep elf blademaster
 12215 | D        | Reached skill level 15 in Stealth
 12215 | D        | Reached skill level 10 in Evocations
 12377 | D        | Got the ring "Usurph Weca" {rN+ MR+ Int-3 Stlth+}
 12380 | D        | Got the ring of Ikkig {Int-4 Dex+5 SInv}
 12383 | D        | Got the ring "Uxe Akot" {rC+ Stlth-}
 12386 | D        | Got the amulet "Bicvorgh" {Gourm rF+++ Str+9 Dex-3}
 12388 | D        | Got the ring of Puotuk {rPois rC+ Int+4 Dex+5}
 12391 | D        | Got the ring "Mome" {rC+ Dex+3}
 12394 | D        | Got the amulet "Sojas" {rC++ Regen+ Int+7}
 12396 | D        | Got the ring of Vistunil {Ice rElec rPois MP+9 Dex-5}
 12669 | D        | Noticed a Killer Klown
 12687 | D        | Killed a Killer Klown
 12782 | D        | Noticed a Hell Sentinel
 12788 | D        | Killed a Hell Sentinel
 12788 | D        | Received a gift from Trog
 13119 | D        | Noticed Licanuf the pandemonium lord
 13184 | D        | Killed Licanuf the pandemonium lord
 13337 | D        | Received a gift from Trog
 13690 | D        | Noticed Mnoleg
 13694 | D        | Noticed a tentacled monstrosity
 13713 | D        | Killed Mnoleg
 13713 | D        | Reached skill level 27 in Staves
 13713 | D        | Reached XP level 19. HP: 115/151 MP: 27/29
 13959 | D        | Noticed a curse toe
 13963 | D        | Killed a curse toe
 13963 | D        | Reached skill level 15 in Evocations
 13966 | D        | Noticed a Killer Klown
 13986 | D        | Killed a Killer Klown
 14002 | D        | Reached skill level 5 in Throwing
 14069 | D        | Noticed a greater mummy
 14080 | D        | Killed a greater mummy
 14080 | D        | Received a gift from Trog
 14223 | D        | Noticed a bone dragon
 14229 | D        | Killed a bone dragon
 14246 | D        | Noticed a Brimstone Fiend
 14250 | D        | Killed a Brimstone Fiend
 14250 | D        | Reached skill level 10 in Throwing
 14294 | D        | Noticed Dissolution
 14300 | D        | Killed Dissolution
 14300 | D        | Received a gift from Trog
 14329 | D        | Noticed an Ice Fiend
 14334 | D        | Killed an Ice Fiend
 14396 | D        | Received a gift from Trog
 14517 | D        | Noticed a Hell Sentinel
 14524 | D        | Killed a Hell Sentinel
 14696 | D        | Noticed an Ice Fiend
 14704 | D        | Killed an Ice Fiend
 14708 | D        | Received a gift from Trog
 15003 | D        | Noticed Mennas
 15036 | D        | Killed Mennas
 15036 | D        | Received a gift from Trog
 15212 | D        | Reached XP level 20. HP: 154/157 MP: 36/36
 15227 | D        | Noticed a golden dragon
 15234 | D        | Killed a golden dragon
 15246 | D        | Noticed Feesoeck the pandemonium lord
 15268 | D        | Killed Feesoeck the pandemonium lord
 15268 | D        | Reached skill level 27 in Evocations
 15461 | D        | Noticed an ancient lich
 15469 | D        | Killed an ancient lich
 15469 | D        | Received a gift from Trog
 15504 | D        | Noticed a golden dragon
 15507 | D        | Killed a golden dragon
 15537 | D        | Got an ichor-stained glaive {god gift}
 15561 | D        | Noticed Asmodeus
 15580 | D        | Received a gift from Trog
 15645 | D        | Got an ichor-stained quarterstaff {god gift}
 15672 | D        | Noticed a Brimstone Fiend
 15677 | D        | Killed Asmodeus
 15808 | D        | Noticed Jiophuzu the pandemonium lord
 15824 | D        | Noticed a Brimstone Fiend
 15824 | D        | Killed Jiophuzu the pandemonium lord
 15824 | D        | Received a gift from Trog
 15825 | D        | HP: 6/157 [Brimstone Fiend/damnation (41)]
 15830 | D        | Noticed Ifrae the pandemonium lord
 15832 | D        | Killed a Brimstone Fiend
 15832 | D        | Reached skill level 27 in Stealth
 16045 | D        | Noticed Wamubroybb the pandemonium lord
 16054 | D        | Killed Wamubroybb the pandemonium lord
 16263 | D        | Killed Ifrae the pandemonium lord
 16453 | D        | Got the amulet of Eternal Night {Reflect Dex+3 SH+4}
 16456 | D        | Got the ring of Monotheism {rF- rC++ MR+ SInv}
 16458 | D        | Got an iron rune of Zot
 16461 | D        | Got the ring of Daisies {MP+9 Dex+3 Stlth+}
 16464 | D        | Got the ring "Efrysiru" {+Fly rPois Int+2}
 16466 | D        | Got the amulet of Lilacs {Spirit rPois rC+ rN+}
 16575 | D        | Received a gift from Trog
 16669 | D        | Reached XP level 21. HP: 163/163 MP: 38/38
 16677 | D        | Reached skill level 5 in Polearms
 16758 | D        | Received a gift from Trog
 16910 | D        | Received a gift from Trog
 16987 | D        | Reached skill level 10 in Polearms
 17379 | D        | Noticed a greater mummy
 17392 | D        | Received a gift from Trog
 17415 | D        | Killed a greater mummy
 17639 | D        | Received a gift from Trog
 17807 | D        | Noticed Jory
 17820 | D        | Killed Jory
 17820 | D        | Received a gift from Trog
 17878 | D        | Received a gift from Trog
 17878 | D        | Reached skill level 15 in Polearms
 17905 | D        | Noticed Nikola
 17938 | D        | Killed Nikola
 17938 | D        | Received a gift from Trog
 17980 | D        | Noticed Ignacio
 17993 | D        | Killed Ignacio
 18006 | D        | Noticed Lom Lobon
 18299 | D        | Noticed an ancient lich
 18322 | D        | Killed an ancient lich
 18337 | D        | Received a gift from Trog
 18356 | D        | Noticed Boris
 18356 | D        | Noticed the Serpent of Hell
 18359 | D        | Noticed the Royal Jelly
 18381 | D        | Killed Boris
 18470 | D        | Killed the Royal Jelly
 18834 | D        | Killed Lom Lobon
 18834 | D        | Reached skill level 27 in Throwing
 18834 | D        | Reached XP level 22. HP: 59/169 MP: 3/39
 19649 | D        | Received a gift from Trog
 19657 | D        | HP: 6/169 [Brimstone Fiend/damnation (18)]
 19658 | D        | Killed from afar by a Brimstone Fiend

Vault maps used:
D:        pitsprint

Skill      XL: |  1  2  3  4  5  6  7  8  9 10 11 12 13 14 15 16 17 18 19 20 21 22 |
---------------+-------------------------------------------------------------------+-----
Staves         | 5 6 10 11 15 16 18 23 27 | 27.0
Fighting       | 4 9 10 13 15 17 19 22 24 27 | 27.0
Armour         | 9 12 15 17 20 23 25 27 | 27.0
Dodging        | 5 9 11 14 18 22 26 27 | 27.0
Stealth        | 6 9 19 21 27 | 27.0
Evocations     | 14 24 27 | 27.0
Throwing       | 10 20 27 | 27.0
Polearms       | 3 21 22 | 22.3

Action                   |  1- 3 |  4- 6 |  7- 9 | 10-12 | 13-15 | 16-18 | 19-21 | 22-24 || total
-------------------------+-------+-------+-------+-------+-------+-------+-------+-------++-------
Melee: Quarterstaff      |    19 |    51 |    53 |   361 |    70 |       |       |       ||   554
       Lajatang          |       |       |       |       |   477 |   755 |   501 |    36 ||  1769
Throw: Throwing net      |       |     2 |       |       |       |       |       |       ||     2
       Javelin           |       |       |       |       |       |       |     3 |       ||     3
Invok: Trog's Hand       |       |       |     3 |     4 |     7 |     9 |    12 |     2 ||    37
       Brothers in Arms  |       |       |     2 |     6 |     3 |     8 |     4 |     1 ||    24
       Burn Spellbooks   |       |       |       |     2 |     6 |     2 |       |       ||    10
       Berserk           |       |       |       |       |       |     1 |       |       ||     1
Evoke: Wand              |       |       |       |       |       |       |     1 |       ||     1
  Use: Potion            |       |       |       |     4 |     2 |     1 |     5 |     3 ||    15
       Scroll            |       |       |       |     1 |     3 |     4 |     7 |     2 ||    17
 Stab: Confused          |       |       |       |       |       |     3 |       |       ||     3
       Sleeping          |       |       |       |       |       |       |     1 |       ||     1
  Eat: Chunk             |       |       |     3 |     8 |     5 |     5 |     1 |       ||    22
       Fruit             |       |       |       |     2 |     4 |     2 |     2 |       ||    10
       Meat ration       |       |       |       |       |     3 |     3 |     3 |       ||     9
       Beef jerky        |       |       |       |       |       |     1 |       |       ||     1
       Bread ration      |       |       |       |       |       |       |     1 |     1 ||     2
Armor: Leather armour    |     1 |     4 |       |       |       |       |       |       ||     5
       Scale mail        |       |    15 |     7 |       |       |       |       |       ||    22
       Chain mail        |       |       |    23 |   171 |    25 |       |       |       ||   219
       Plate armour      |       |       |       |       |    72 |       |       |       ||    72
       Gold dragon scale |       |       |       |       |   253 |   447 |   300 |    46 ||  1046
Dodge: Dodged            |     5 |    16 |    17 |   125 |   238 |   619 |   299 |    58 ||  1377
